 Dungeon Crawl Stone Soup version 0.21-a0-404-g291f19a (webtiles) character file.

114 tof the Slasher (level 4, -8/41 HPs)
             Began as a Minotaur Berserker on Oct 29, 2017.
             Was a Believer of Trog.
             Mangled by Monsterracer's ghost (11 damage)
             ... on level 3 of the Dungeon.
             The game lasted 00:03:39 (2237 turns).

tof the Slasher (Minotaur Berserker)                Turns: 2237, Time: 00:03:40

Health: -8/41      AC:  5    Str: 21    XL:     4   Next: 66%
Magic:  3/3        EV: 12    Int:  4    God:    Trog [**....]
Gold:   36         SH:  0    Dex: 11    Spells: 3/3 levels left

rFire    . . .     SeeInvis .   j - +1 whip (drain)
rCold    . . .     Gourm    .   (no shield)
rNeg     . . .     Faith    .   m - +0 ring mail
rPois    +         Spirit   .   (helmet restricted)
rElec    .         Reflect  .   (no cloak)
rCorr    .         Harm     .   (no gloves)
MR       .....                  (no boots)
Stlth    +.........             (no amulet)
HPRegen  0.13/turn              q - ring of poison resistance
MPRegen  0.08/turn              (no ring)

@: berserk cooldown, slowed, very slow
A: retaliatory headbutt, horns 2
a: Berserk, Trog's Hand, Burn Spellbooks, Renounce Religion


You were on level 3 of the Dungeon.
You worshipped Trog.
Trog was pleased with you.
You were not hungry.

You visited 1 branch of the dungeon, and saw 3 of its levels.

You collected 36 gold pieces.

Inventory:

Hand Weapons
 a - a +0 falchion
 j - a +1 whip of draining (weapon)
Armour
 m - a +0 ring mail (worn)
Jewellery
 q - a ring of poison resistance (left hand)
 t - an uncursed ring of magical power {unknown}
Wands
 v - a wand of paralysis (15/24)
Scrolls
 e - a scroll of amnesia
 f - 3 scrolls of teleportation
 g - 2 scrolls of identify
 n - a scroll of fog
 p - a scroll of magic mapping {unknown}
 r - a scroll of random uselessness {unknown}
 u - 2 scrolls of noise {unknown}
 w - a scroll of enchant armour {unknown}
Potions
 b - a potion of resistance {unknown}
 h - a potion of heal wounds {unknown}
 i - a potion of mutation {unknown}
 k - a potion of curing {unknown}
 o - a potion of haste {unknown}
 s - a potion of flight {unknown}
Comestibles
 c - 2 bread rations
 d - 3 meat rations
 l - 3 fruits


   Skills:
 + Level 4.4 Fighting
 * Level 5.0 Long Blades
 + Level 3.4 Armour
 + Level 3.0 Dodging


You had 3 spell levels left.
You didn't know any spells.

Dungeon Overview and Level Annotations

Branches:
Dungeon (3/15)

Altars:

Annotations:
D:3 Monsterracer's ghost, amateur GnAM


Innate Abilities, Weirdness & Mutations

You reflexively headbutt those who attack you in melee.
You have a pair of horns on your head.


Message History

Monsterracer's ghost hits you.
You closely miss Monsterracer's ghost.
Monsterracer's ghost is almost destroyed.
Monsterracer's ghost hits you!
* * * LOW HITPOINT WARNING * * *
You miss Monsterracer's ghost.
Monsterracer's ghost is almost destroyed.
You barely miss Monsterracer's ghost.
Monsterracer's ghost is almost destroyed.
You are no longer berserk.
You are exhausted.
You feel yourself slow down. Monsterracer's ghost hits you.
* * * LOW HITPOINT WARNING * * *
You miss Monsterracer's ghost.
Your headbutt misses Monsterracer's ghost.
Monsterracer's ghost is almost destroyed.
Monsterracer's ghost hits you.
* * * LOW HITPOINT WARNING * * *
Monsterracer's ghost hits you!
You die...

#........ .. #.##.##.# #.#
#.##.##.# #.# #.#.....#
#.# #..#(##(# #.#
#.#.....#####.# ####
#.###...#.........##...#
#...<.........W.(......###
######.#(###.#.@#....(...#
#.#.###.##.#.........
#.......##.#.W......#
##.(.#####.##.#^..## #.(.#
#........# #...#
####.##### #.))#
######..##
#####...###........##
...........)W.......#


You could see Monsterracer's ghost.

Vanquished Creatures
  3 adders (D:2)
  An adder zombie (D:2)
  4 worms (D:2)
  A dart slug (D:3)
  2 leopard geckos (D:1)
  3 giant cockroaches (D:1)
  9 goblins
  7 hobgoblins
  8 jackals
  A quokka (D:2)
  10 bats
  A frilled lizard (D:2)
  11 kobolds
  2 rats (D:1)
63 creatures vanquished.

Notes
Turn   | Place    | Note
-------+----------+-------------------------------------------
     0 | D:1      | tof the Minotaur Berserker began the quest for the Orb.
     0 | D:1      | Reached XP level 1. HP: 19/19 MP: 0/0
   231 | D:1      | Reached XP level 2. HP: 26/27 MP: 1/1
   340 | D:1      | Reached skill level 4 in Long Blades
   742 | D:1      | Reached XP level 3. HP: 33/33 MP: 2/2
   746 | D:1      | Reached ** piety under Trog
  1489 | D:2      | Reached XP level 4. HP: 34/40 MP: 3/3
  1985 | D:3      | Reached skill level 5 in Long Blades
  2024 | D:3      | Noticed Monsterracer's ghost (amateur GnAM)
  2237 | D:3      | Mangled by Monsterracer's ghost

Vault maps used:
D:1:      eino_arrival_tree_alley
D:2:      minmay_misc_feat_roman
D:3:      uniq_terence

Skill      XL: |  1  2  3  4 |
---------------+-------------+-----
Long Blades    | 4 5 |  5.0
Armour         | 3 |  3.4
Fighting       | 4 |  4.4
Dodging        | 3 |  3.0

Action                   |  1- 3 |  4- 6 || total
-------------------------+-------+-------++-------
Melee: Falchion          |     8 |       ||     8
       Headbutt          |    10 |     9 ||    19
       Whip              |    72 |    66 ||   138
Invok: Berserk           |       |     1 ||     1
  Use: Scroll            |     5 |     1 ||     6
 Stab: Sleeping          |     1 |       ||     1
  Eat: Chunk             |     2 |     1 ||     3
       Bread ration      |       |     1 ||     1
Armor: Animal skin       |     8 |       ||     8
       Ring mail         |    30 |    14 ||    44
Dodge: Dodged            |    45 |    38 ||    83
       Rpst.: Falchion   |     1 |       ||     1

Table legend:
 A = Spawn XP
 B = Non-spawn XP
 C = Spawn XP percentage of total XP
 D = Spawn monster count
 E = Non-spawn monster count
 F = Spawn count percentage of total count
 G = Total turns spent on level
                    A         B        C        D         E        F      G
               +---------+---------+-------+---------+---------+-------+---------
         Total |       0 |     163 |   0.0 |       0 |      63 |   0.0 |  2237
               +---------+---------+-------+---------+---------+-------+---------
           D:1 |       0 |      52 |   0.0 |       0 |      28 |   0.0 |  1152
           D:2 |       0 |     102 |   0.0 |       0 |      31 |   0.0 |   977
           D:3 |       0 |       9 |   0.0 |       0 |       4 |   0.0 |   108
               +---------+---------+-------+---------+---------+-------+---------
